 Dungeon Crawl Stone Soup version 0.29.1-15-g9cfb28693d (webtiles) character file.

Game seed: 7152785069651252950

7067 zeram the Cleaver (level 11, -5/145 HPs)
             Began as a Hill Orc Fighter on Mar 15, 2023.
             Was an Initiate of Gozag.
             Slain by Urug
             ... wielding a +4 glaive of flaming
              (8 damage)
             ... on level 10 of the Dungeon.
             The game lasted 00:14:26 (12234 turns).

zeram the Cleaver (Hill Orc Fighter)               Turns: 12234, Time: 00:14:28

Health: -5/145     AC: 15    Str: 24    XL:     11   Next: 9%
Magic:  11/11      EV: 15    Int:  8    God:    Gozag
Gold:   1167       SH:  5    Dex: 10    Spells: 10/10 levels left

rFire   . . .      SeeInvis .   h - +3 hand axe (flame)
rCold   . . .      Faith    .   c - +0 buckler
rNeg    . . .      Spirit   .   b - +0 scale mail
rPois   .          Reflect  .   (no helmet)
rElec   .          Harm     .   o - +0 cloak
rCorr   .          Rampage  .   (no gloves)
Will    .....                   p - +0 pair of boots
Stlth   ..........              (no amulet)
HPRegen 0.34/turn               j - +4 ring of protection
MPRegen 0.12/turn               z - +4 ring of evasion

@: berserking, studying Shields, very quick
A: no striking features
a: Renounce Religion, Potion Petition, Call Merchant, Bribe Branch


You were on level 10 of the Dungeon.
You worshipped Gozag.
Gozag was most pleased with you.
You visited 2 branches of the dungeon, and saw 11 of its levels.

You collected 1237 gold pieces.
You paid 70 gold pieces to Gozag.

Inventory:

Hand Weapons
 a - a +0 war axe of electrocution
 e - a +1 short sword of venom
 h - a +3 hand axe of flaming (weapon)
Missiles
 t - 8 throwing nets (quivered)
Armour
 b - a +0 scale mail (worn)
 c - a +0 buckler (worn)
 o - a +0 cloak (worn)
 p - a +0 pair of boots (worn)
Jewellery
 j - a +4 ring of protection (left hand)
 v - a ring of resist corrosion
 y - a ring of willpower
 z - a +4 ring of evasion (right hand)
Wands
 A - a wand of flame (20)
Scrolls
 m - 2 scrolls of teleportation
 n - a scroll of blinking
 x - a scroll of vulnerability {unknown}
 D - 2 scrolls of identify
Potions
 d - 3 potions of might
 g - 3 potions of mutation
 i - a potion of curing
 k - 2 potions of flight {unknown}
 l - 4 potions of degeneration
 q - a potion of resistance {unknown}
 r - 2 potions of brilliance {unknown}
 s - 2 potions of lignification {unknown}
 u - a potion of berserk rage
 w - a potion of attraction {unknown}
 C - a potion of haste {unknown}


   Skills:
 + Level 9.6 Fighting
 + Level 0.1 Short Blades
 + Level 13.3 Axes
 + Level 0.1 Throwing
 + Level 10.0 Armour
 + Level 3.8 Dodging
 + Level 6.8 Shields


You had 10 spell levels left.
You didn't know any spells.
Your spell library contained the following spells:

 Spells                   Type           Power      Damage    Failure   Level
 Necrotise                Necr           0%         1d4       75%         1
 Vampiric Draining        Necr           0%         2d6       98%         3
 Agony                    Necr           0%         N/A       100%        5


Dungeon Overview and Level Annotations

Branches:
Dungeon (10/15)            Temple (1/1) D:4
   Lair: D:8-11         Orc: D:9-12

Altars:
Ashenzari
Cheibriados
Dithmenos
Elyvilon
Fedhas
Gozag
Hepliaklqana
Kikubaaqudgha
Makhleb
Nemelex Xobeh
Okawaru
Qazlal
Ru
Sif Muna
Trog
Uskayaw
Vehumet
Wu Jian
Xom
Yredelemnul
Zin
The Shining One

Shops:
D:5 *   D:9 (

Annotations:
D:10 Urug


Message History

The puff of flame misses Urug.
Aiming: Throw Flame
Press: ? - help, Shift-Dir - straight line, f/p - Urug
Aim: Urug, wielding a +4 glaive of flaming, wearing a +0 chain mail and quivering javelins (moderately wounded, 64% to hit)
The puff of flame hits Urug but does no damage.
Urug is moderately wounded.
Urug throws a javelin.
The javelin pierces through you!
* * * LOW HITPOINT WARNING * * *
You feel better.
Aiming: Throw Flame
Press: ? - help, Shift-Dir - straight line, f/p - Urug
Aim: Urug, wielding a +4 glaive of flaming, wearing a +0 chain mail and quivering javelins (moderately wounded, 64% to hit)
The puff of flame hits Urug.
Urug is moderately wounded.
A red film seems to cover your vision as you go berserk!
You feel yourself moving faster!
You feel mighty!
Urug throws a javelin.
The javelin barely misses you.
You feel a strong urge to attack something.
You hit Urug but do no damage.
Urug is moderately wounded.
You block Urug's attack.
You barely miss Urug.
Urug is moderately wounded.
You closely miss Urug.
Urug is moderately wounded.
Urug hits you with a +4 glaive of flaming!!
* * * LOW HITPOINT WARNING * * *
Urug burns you!
* * * LOW HITPOINT WARNING * * *
You closely miss Urug.
Urug is moderately wounded.
You slash Urug! You burn Urug.
Urug is severely wounded.
You slash Urug! You burn Urug.
Urug is severely wounded.
Urug hits you with a +4 glaive of flaming!
* * * LOW HITPOINT WARNING * * *
Urug burns you!
You die...
Your body crumbles into a pile of gold.

#################################
.................................
.#..).##..##........###.#..#..#..
....)............................
######....#############.#########
.....#....#...........#.# ...
##)###....#.####)####.#.# #.#
.).)......# #.# #.# #.#
.)#..#....#### #@# #.# #.#.
..#..#........ #o# ... #.#.
..........######.#############.##
..###....c.......................
..# #..#...............##.#......
..# #....###################...##
### #....# #.#.#. #.##.#
#######...## #.##.# #...........


You could see Urug.

Vanquished Creatures
  Harold (D:9)
  Erolcha (D:9)
  A wyvern (D:8)
  5 yaks (D:10)
  A steam dragon (D:9)
  2 acid dragons (D:8)
  2 water moccasins
  2 orc warriors
  A sky beast (D:6)
  2 ice beasts
  2 black bears
  An ogre (D:5)
  2 centaurs
  A phantom (D:5)
  5 kobold brigands
  2 bullfrogs
  A gnoll sergeant (D:10)
  3 necrophages
  3 scorpions
  6 wights
  10 killer bees
  5 hounds
  A gnoll bouda (D:6)
  2 jellies
  10 orc priests
  Terence (D:2)
  7 iguanas
  Natasha (thrice) (D:2)
  8 orc wizards
  12 gnolls
  6 adders
  4 white imps
  A worm (D:4)
  4 dart slugs
  30 orcs
  4 ball pythons
  7 endoplasms
  2 giant cockroaches (D:1)
  A goblin (D:2)
  8 hobgoblins
  6 jackals
  14 kobolds
  2 quokkas
  5 bats
  4 frilled lizards (D:1)
  6 rats
207 creatures vanquished.

Vanquished Creatures (collateral kills)
  A deep elf pyromancer (D:8)
  A bullfrog (D:8)
  2 gnolls (D:8)
4 creatures vanquished.

Vanquished Creatures (others)
  A bush (D:10)
  3 plants (D:2)
4 creatures vanquished.

Grand Total: 215 creatures vanquished

Notes
Turn   | Place    | Note
-------+----------+-------------------------------------------
     0 | D:1      | zeram the Hill Orc Fighter began the quest for the Orb.
     0 | D:1      | Reached XP level 1. HP: 19/19 MP: 1/1
   169 | D:1      | Reached XP level 2. HP: 24/27 MP: 2/2
   666 | D:1      | Reached XP level 3. HP: 31/33 MP: 3/3
   687 | D:1      | Reached skill level 3 in Axes
   911 | D:2      | Noticed Natasha
   919 | D:2      | Killed Natasha
   920 | D:2      | Reached XP level 4. HP: 10/41 MP: 4/4
  1238 | D:2      | Noticed Natasha
  1244 | D:2      | Killed Natasha
  1304 | D:2      | Noticed Natasha
  1311 | D:2      | Killed Natasha
  1313 | D:2      | Reached XP level 5. HP: 37/47 MP: 5/5
  1512 | D:2      | Noticed Terence
  1534 | D:2      | Killed Terence
  1819 | D:3      | Reached skill level 4 in Axes
  2006 | D:3      | Reached skill level 1 in Dodging
  2006 | D:3      | Reached XP level 6. HP: 30/55 MP: 6/6
  2456 | D:3      | Found a shadowy altar of Dithmenos.
  2494 | D:3      | Found an ornate altar of the Wu Jian Council.
  2685 | D:3      | Found a hide-covered altar of Uskayaw.
  2802 | D:4      | Found a staircase to the Ecumenical Temple.
  2919 | D:4      | Identified the +6 short sword of Vugeus {speed, rN+}
  3276 | D:4      | Reached skill level 5 in Armour
  3674 | D:4      | Reached skill level 5 in Axes
  3864 | D:5      | Entered Level 5 of the Dungeon
  3875 | D:5      | Reached skill level 5 in Fighting
  4148 | D:5      | Reached XP level 7. HP: 58/61 MP: 7/7
  4328 | D:5      | Reached skill level 6 in Axes
  4524 | D:5      | Found a sparkling altar of Nemelex Xobeh.
  4553 | D:5      | Reached skill level 7 in Axes
  4553 | D:5      | Reached XP level 8. HP: 60/69 MP: 8/8
  4907 | D:5      | Found Zaos's Mass Market.
  4966 | Temple   | Entered the Ecumenical Temple
  4973 | Temple   | Became a worshipper of Gozag Ym Sagoz the Greedy
  5278 | D:6      | Reached skill level 8 in Axes
  5908 | D:6      | Found a burning altar of Makhleb.
  6074 | D:6      | Reached skill level 9 in Axes
  6454 | D:6      | Reached XP level 9. HP: 52/78 MP: 9/9
  6625 | D:6      | Found a sacrificial altar of Ru.
  7099 | D:7      | Reached skill level 10 in Axes
  7239 | D:7      | Reached skill level 5 in Shields
  7605 | D:7      | Found a hazy altar of Hepliaklqana.
  8505 | D:8      | Noticed a deep elf pyromancer
  8513 | D:8      | Killed a deep elf pyromancer
  8514 | D:8      | Reached skill level 11 in Axes
  8524 | D:8      | Reached XP level 10. HP: 68/88 MP: 10/10
  9403 | D:8      | Reached skill level 12 in Axes
  9507 | D:9      | Noticed Erolcha
 10460 | D:9      | Killed Erolcha
 10875 | D:9      | Noticed Harold
 10891 | D:9      | Killed Harold
 11427 | D:9      | Found Suirefuz's Antique Weapon Boutique.
 11579 | D:10     | Entered Level 10 of the Dungeon
 11923 | D:10     | Reached skill level 13 in Axes
 12002 | D:10     | Reached XP level 11. HP: 83/97 MP: 11/11
 12011 | D:10     | Reached skill level 10 in Armour
 12121 | D:10     | Noticed Urug
 12234 | D:10     | HP: 3/145 [Urug/+4 glaive of flaming (16)]
 12234 | D:10     | Slain by Urug

Illustrated notes

Levels and vault maps discovered:
D:1:      lightli_arrival_quake, layout_basic
D:2:      layout_rooms, serial_forest, infiniplex_forest_clump_long,
          infiniplex_forest_lined_room_2, infiniplex_forest_fountain,
          infiniplex_forest_straight_5, infiniplex_forest_pool,
          infiniplex_forest_clump_C, infiniplex_forest_clump_diagonal,
          infiniplex_forest_end_2, uniq_natasha, uniq_terence
D:3:      layout_rooms, pf_just_have_faith, lemuel_tele_altar,
          grunt_dithmenos_smoke_and_mirrors
D:4:      layout_basic, minmay_temple_entry_mini_moons
D:5:      layout_cave_pods, nemelex_diamond_rough_becter, minmay_misc_feat_chi,
          hex_tiny, minmay_shop_mass
D:6:      layout_loops_corners, lemuel_coloured_pillars_altar,
          makhleb_heckhound_becter
D:7:      layout_basic, mainiacjoe_overflow_alcove_2, minivault_19
D:8:      layout_basic, minmay_manual_moon
D:9:      layout_big_octagon, serial_shops, nicolae_inconvenience_store,
          uniq_erolcha, uniq_harold
D:10:     layout_stronghold, grunt_ministairs_11,
          hangedman_abyss_or_decor_stagger, kb_lookout_dungeons_type,
          roderic_lattice_a, uniq_sonja, uniq_urug, uniq_psyche, uniq_gastronok
Temple:   nicolae_temple_no_exploring_needed

Skill      XL: |  1  2  3  4  5  6  7  8  9 10 11 |
---------------+----------------------------------+-----
Fighting       | 4 5 6 7 9 |  9.6
Axes           | 3 4 5 7 9 11 13 | 13.3
Armour         | 4 5 6 7 8 9 10 | 10.0
Shields        | 4 5 6 |  6.8
Dodging        | 1 2 3 |  3.8
Short Blades   | |  0.1
Throwing       | |  0.1

Action                   |  1- 3 |  4- 6 |  7- 9 | 10-12 || total
-------------------------+-------+-------+-------+-------++-------
Melee: Short sword       |    19 |       |       |       ||    19
       Hand axe          |    53 |   160 |   305 |   264 ||   782
Throw: Throwing net      |       |       |       |     1 ||     1
Evoke: Wand              |       |       |       |     3 ||     3
  Use: Scroll            |     1 |    11 |     4 |     6 ||    22
       Potion            |       |       |     1 |     8 ||     9
 Stab: Distracted        |       |       |     1 |     2 ||     3
Armor: Scale mail        |    31 |    73 |   141 |    82 ||   327
Dodge: Dodged            |    34 |    51 |   111 |   119 ||   315
Block: Buckler           |    12 |    35 |    39 |    33 ||   119
